 Dungeon Crawl Stone Soup version 0.20-a0-313-g10ed074 (webtiles) character file.

1593340 Orange the Axe Maniac (level 27, -7/273 HPs)
             Began as a Formicid Berserker on Dec 16, 2016.
             Was the Champion of the Shining One.
             Killed by a guardian mummy's death curse (31 damage)
             ... on level 15 of a ziggurat on Dec 20, 2016.
             The game lasted 14:35:57 (131668 turns).

Orange the Axe Maniac (Formicid Berserker)        Turns: 131668, Time: 14:36:00

Health: -7/273     AC: 54    Str: 36    XL:     27
Magic:  56/59      EV: 28    Int:  7    God:    the Shining One [******]
Gold:   17198      SH: 49    Dex: 21    Spells: 67/80 levels left

rFire  + + .     SeeInvis +     b - +9 executioner's axe (holy)
rCold  + + .     Gourm    .     k - +12 gold dragon scales
rNeg   + + +     Faith    .     d - +7 large shield of Benedda {*Drain rPois Regen+ Dex+3}
rPois  +         Spirit   .     (helmet unavailable)
rElec  +         Reflect  +     q - +2 cloak {MR+}
rCorr  +         Harm     .     J - +2 pair of gloves "Kiosisiw" {Regen+}
rMut   +                        y - +2 pair of boots "Elaut" {rCorr}
MR     ++++.                    S - brooch of Shielding {Reflect SH+8}
Stlth  ..........               M - ring "Onku" {MR+ Str+4 Dex+5}
                                L - ring "Zodujoh" {rF+ rC+ Slay+1}

@: lethally poisoned (-7 -> -28), singing, aura of abjuration, non-regenerating,
diseased, glowing, repel missiles
A: permanent stasis, dig shafts and tunnels, four strong arms, antennae 3,
talons 1, large bone plates 1, molten scales 1, agile 1, blurry vision 1,
deterioration 2, dopey 1, high mp 1, mutation resistance 3, regeneration 1,
robust 1, screaming 2, shaggy fur 1, electricity resistance, wild magic 1
}: 15/15 runes: barnacled, slimy, silver, golden, iron, obsidian, icy, bone,
abyssal, demonic, glowing, magical, fiery, dark, gossamer
a: Dig, Shaft Self, Divine Shield, Cleansing Flame, Summon Divine Warrior,
Renounce Religion, Stop Singing


You were on level 15 of a ziggurat.
You worshipped the Shining One.
The Shining One was exalted by your worship.
You were completely stuffed.

You visited 16 branches of the dungeon, and saw 84 of its levels.
You visited Pandemonium 1 time, and saw 33 of its levels.
You visited the Abyss 3 times.
You visited 1 ziggurat, and saw 15 of its levels.
You also visited: Trove, Bailey and Ice Cave.

You collected 19633 gold pieces.
You spent 2435 gold pieces at shops.

Inventory:

Hand Weapons
 a - a +9 executioner's axe of electrocution
 b - a +9 executioner's axe of holy wrath (weapon)
 t - the +8 Wrath of Trog {antimagic, *Rage}
   (You found it on level 4 of the Dungeon)

   It reduces the magical energy of the wielder, and disrupts the spells and
   magical abilities of those hit.
   Natural abilities and divine invocations are not affected.
   It may make you go berserk in combat.
Missiles
 W - 8 javelins of penetration (quivered)
Armour
 d - the +7 large shield of Benedda (worn) {*Drain rPois Regen+ Dex+3}
   (You found it in a treasure trove)

   It affects your dexterity (+3).
   It protects you from poison.
   It increases your rate of regeneration.
   It causes draining when unequipped.
 k - +12 gold dragon scales (worn)
 n - the +0 cloak "Kestirefo" {rF+ Str+3 Stlth+}
   (You found it on level 1 of the Tomb of the Ancients)

   It affects your strength (+3).
   It protects you from fire.
   It makes you more stealthy.
 q - a +2 cloak of magic resistance (worn)
 s - a +2 pair of boots of flying
 y - the +2 pair of boots "Elaut" (worn) {rCorr}
   (You found it on level 3 of the Elven Halls)

   It protects you from acid and corrosion.
 A - the +10 crystal plate armour of Spring {Int+3}
   (You acquired it on level 3 of the Vaults)

   It affects your intelligence (+3).
 J - the +2 pair of gloves "Kiosisiw" (worn) {Regen+}
   (You bought it in a shop on level 2 of the Orcish Mines)

   It increases your rate of regeneration.
 X - the +5 pair of gloves "Coinkoq" {Int+2 Dex+4 SInv}
   (You found it on level 3 of the Tomb of the Ancients)

   It affects your intelligence (+2).
   It affects your dexterity (+4).
   It lets you see invisible.
 Z - the +2 cloak of the Thief {+Fog Slay-2 SInv Stlth+}
   (You found it on level 7 of a ziggurat)

   It affects your accuracy and damage with ranged weapons and melee attacks
   (-2).
   It lets you see invisible.
   It can be evoked to emit clouds of fog.
   It makes you more stealthy.
Jewellery
 l - the ring of Fanup {Wiz rF+ rC+ rN+}
   (You found it in a treasure trove)

   [ring of wizardry]

   It improves your spell success rate.
   It protects you from fire.
   It protects you from cold.
   It protects you from negative energy.
 L - the ring "Zodujoh" (left hand) {rF+ rC+ Slay+1}
   (You found it on level 5 of the Pits of Slime)

   [ring of slaying]

   It affects your accuracy and damage with ranged weapons and melee attacks
   (+1).
   It protects you from fire.
   It protects you from cold.
 M - the ring "Onku" (right hand) {MR+ Str+4 Dex+5}
   (You bought it in a shop on level 2 of the Orcish Mines)

   [ring of dexterity]

   It affects your strength (+4).
   It affects your dexterity (+5).
   It affects your resistance to hostile enchantments.
 S - the brooch of Shielding (around neck) {Reflect SH+8}
   (You found it on level 7 of Cocytus)

   [amulet of reflection]

   It shields you and reflects attacks.
   It affects your SH (+8).
Wands
 g - a wand of heal wounds (7/9)
 m - a wand of iceblast (4/15)
 x - a wand of acid (15/15)
 D - a wand of acid (5/15)
Scrolls
 f - 19 scrolls of identify
 i - 32 scrolls of recharging
 u - 12 scrolls of magic mapping
 v - 18 scrolls of fear
 w - 34 scrolls of remove curse
 C - 4 scrolls of summoning
 K - 4 scrolls of holy word
 N - 9 scrolls of vulnerability
 P - a scroll of enchant weapon
 T - 9 scrolls of fog
 U - 8 scrolls of silence
Potions
 e - 17 potions of curing
 h - a potion of cancellation
 o - 24 potions of flight
 p - 19 potions of heal wounds
 z - 2 potions of beneficial mutation
 G - a potion of cure mutation
 H - 10 potions of might
 Q - 8 potions of magic
 R - 9 potions of lignification
 V - 10 potions of resistance
 Y - 11 potions of agility
Miscellaneous
 F - 5 phantom mirrors
 I - a crystal ball of energy
 O - a disc of storms
Comestibles
 c - 36 bread rations
 j - 36 meat rations
 r - 68 fruits
 E - 6 royal jellies


   Skills:
 O Level 27 Fighting
 O Level 27 Axes
   Level 0.4(18.7) Polearms
 + Level 5.0 Throwing
 O Level 27 Armour
 O Level 27 Dodging
 O Level 27 Shields
 O Level 27 Spellcasting
 + Level 25.7 Charms
 - Level 14.3 Summonings
 - Level 10.6 Translocations
 + Level 10.4 Air Magic
 O Level 27 Invocations
 O Level 27 Evocations


You had 67 spell levels left.
You knew the following spells:

 Your Spells              Type           Power        Failure   Level  Hunger
a - Swiftness             Chrm/Air       #####...     1%          2    None
b - Song of Slaying       Chrm           ######..     1%          2    None
c - Repel Missiles        Chrm/Air       #####.       1%          2    None
d - Aura of Abjuration    Summ           #####.....   1%          5    #####..
e - Apportation           Tloc           ####......   1%          1    None
f - Summon Butterflies    Summ           #####...     1%          1    None


Dungeon Overview and Level Annotations

Branches:
Dungeon (15/15)            Temple (0/1) D:7            Lair (6/6) D:8
 Shoals (4/4) Lair:2       Spider (4/4) Lair:4        Slime (5/5) Lair:5
    Orc (2/2) D:10            Elf (3/3) Orc:2        Vaults (5/5) D:13
  Crypt (3/3) Vaults:2       Tomb (3/3) Crypt:3      Depths (5/5) D:15
   Hell (1/1)                 Dis (7/7) Hell            Geh (7/7) Hell
    Coc (7/7) Hell            Tar (7/7) Hell            Zot (0/5) Depths:5

Altars:
Ashenzari
Cheibriados
Dithmenos
Fedhas
Gozag
Hepliaklqana
Kikubaaqudgha
Makhleb
Nemelex Xobeh
Okawaru
Qazlal
Trog
Uskayaw
Vehumet
Xom
Zin
The Shining One
Jiyva

Shops:
D:9 }   D:12 !   Orc:1 (   Orc:2 [*%=}   Elf:2 :   Vaults:1 ([=%   Vaults:4 (?

Portals:
Hell: Lair:6 Depths:1 Depths:2 Depths:3 Depths:4 Depths:5
Abyss: Depths:4
Pandemonium: Depths:2 Depths:3 Depths:4

Annotations:
Shoals:2 Donald


Innate Abilities, Weirdness & Mutations

You cannot be hasted, slowed, berserked, paralysed or teleported.
You can dig through walls and to a lower floor.
Your four strong arms can wield two-handed weapons with a shield.
You have a pair of large antennae on your head. (SInv)
You have sharp toenails.
You are partially covered in large bone plates. (SH +4)
You are partially covered in molten scales. (AC +2)
You are agile. (Dex +2)
Scrolls take you a little longer to read.
Your body often deteriorates upon taking damage.
You are dopey. (Int -2)
You have an increased reservoir of magic. (+10% MP)
You are almost entirely resistant to further mutation and mutation removal.
Your natural rate of healing is unusually fast.
You are robust. (+10% HP)
You sometimes yell uncontrollably at your foes.
You are covered in fur. (AC +1)
You are resistant to electric shocks. (rElec)
Your spells are a little harder to cast, but a little more powerful.


Message History

The greater mummy is almost destroyed.
The golden flame engulfs the greater mummy.
The greater mummy writhes in agony!
The greater mummy is almost destroyed.
The golden flame engulfs the deep elf annihilator zombie.
The deep elf annihilator zombie writhes in agony!
The deep elf annihilator zombie is moderately damaged.
The golden flame engulfs the mummy.
The mummy writhes in agony!
You destroy the mummy!
The Shining One accepts your kill.
You feel your power returning.
The golden flame engulfs the emperor scorpion.
The emperor scorpion is moderately wounded.
The golden flame engulfs the guardian mummy.
The guardian mummy writhes in agony!
You destroy the guardian mummy!
The Shining One accepts your kill.
You feel extremely nervous for a moment...
You convulse helplessly as pain tears through your body!
You die...

▓▓▓▓▓▓▓▓▓▓▓▓▓
▓▓........W.W▓▓
▓▓.........Z.W.▓▓
▓▓........sMsMWz.▓
▓▓.....88...88M44.[
▓▓.......8†.M8M8MMZ:
▓▓...........@sZ8MzWM
▓.∩..........§.sMMM.Z
▓▓..............8M8Z[
▓▓.......8..s8ZMM.§=
▓▓.....88...88.M..!
▓▓..........SZ...▓
▓▓.............▓▓
▓▓...........▓▓
▓▓▓▓▓▓▓▓▓▓▓▓


You could see 4 greater mummies, 4 emperor scorpions, 4 mummy priests, a flayed
ghost, an orange demon, a mana viper, a guardian mummy, 4 ushabtiu, a freezing
wraith, a chaos spawn, a wraith, a death scarab, 2 shadows, 2 flying skulls, 7
mummies, an iron dragon zombie, a deep elf annihilator zombie, a frost giant
zombie, an iron dragon skeleton, a golden dragon skeleton, a deep elf death mage
skeleton and a spriggan defender skeleton.

Vanquished Creatures
  Cerebov (Pan)
  28 pandemonium lords
  Asmodeus (Geh:7)
  Antaeus (Coc:7)
  the Royal Jelly (Slime:5)
  Gloorx Vloq (Pan)
  A seraph (Pan)
  Ereshkigal (Tar:7)
  the Serpent of Hell (Tar:7)
  Mnoleg (Pan)
  Lom Lobon (Pan)
  5 ancient liches
  Dispater (Dis:7)
  4 juggernauts
  Sojobo (Crypt:3)
  25 greater mummies
  Bai Suzhen (Vaults:4)
  Frederick (Crypt:3)
  Xtahua (Vaults:3)
  13 shard shrikes
  A caustic shrike (Depths:2)
  2 profane servitors (Abyss:5)
  The ghost of ohados the Spry, an adept TrTm of Cheibriados (Vaults:5)
  Geryon (Hell)
  Nikola (Spider:3)
  7 golden dragons
  the Enchantress (Depths:2)
  2 pearl dragons (Pan)
  32 bone dragons
  Arachne (Spider:4)
  Jory (Crypt:3)
  18 liches
  49 Tzitzimimeh
  42 Brimstone Fiends
  2 hellephants
  17 doom hounds
  4 iron giants
  31 Hell Sentinels
  Rupert (Lair:4)
  33 Ice Fiends
  3 quicksilver dragons
  8 tentacled monstrosities
  8 titans
  Asterion (Vaults:2)
  4 deep elf blademasters (Elf:3)
  47 Executioners
  24 acid blobs
  2 deep elf master archers (Elf:3)
  A kraken (Shoals:1)
  17 tentacled starspawn
  10 sphinxes
  Polyphemus (Shoals:2)
  12 eldritch tentacles
  A thorn hunter (Zig:14)
  Kirke (Lair:4)
  21 ancient champions
  28 shadow dragons
  A storm dragon (Vaults:5)
  19 daevas (Pan)
  Ilsuiw (Shoals:4)
  9 tengu reavers
  13 azure jellies
  A nagaraja (Zig:8)
  9 fire giants
  13 revenants
  20 iron dragons
  25 vault wardens
  11 deep elf sorcerers
  61 balrugs
  18 frost giants
  46 cacodemons
  Louise (Shoals:1)
  A draconian scorcher (Depths:5)
  An emperor scorpion (shapeshifter) (Zig:9)
  19 black suns
  An orc warlord (Zig:10)
  8 emperor scorpions
  Aizul (Shoals:1)
  24 angels (Pan)
  6 ghost moths
  17 ghouls
  137 reapers
  3 curse skulls
  14 ironheart preservers
  8 elemental wellsprings
  4 deep elf elementalists (Elf:3)
  5 war gargoyles
  15 warmongers
  45 stone giants
  4 spriggan defenders
  27 blood saints (Pan)
  8 entropy weavers
  21 corrupters (Pan)
  42 very ugly things
  23 apis (Pan)
  22 bennus
  13 ophanim (Pan)
  A green draconian (Abyss:5)
  33 vampire knights
  37 lorocyprocas
  2 dire elephants
  Nessos (Orc:2)
  5 deep elf demonologists
  2 purple draconians (Depths:5)
  3 black draconians
  3 red draconians
  6 deep elf annihilators
  A white draconian (Depths:5)
  5 merfolk javelineers
  9 spark wasps
  A dire elephant (shapeshifter) (Zig:7)
  11 ettins
  Snorg (Lair:4)
  8 deep elf death magi
  7 eidola
  2 yellow draconians (Depths:5)
  85 blizzard demons
  12 death oozes
  47 green deaths
  23 mummy priests
  11 quicksilver dragon zombies
  5 merfolk impalers
  13 fire dragons
  A crystal guardian (Abyss:5)
  23 yaktaur captains
  Josephine (D:12)
  19 jiangshi
  7 deep elf high priests
  10 quicksilver dragon skeletons
  4 kraken zombies
  13 rakshasas
  20 monstrous demonspawn (Pan)
  23 great orbs of eyes
  13 hell beasts
  55 vault guards
  Erolcha (Orc:2)
  38 ice dragons
  11 hydras
  10 centaur warriors
  2 juggernaut simulacra (Pan)
  2 naga warriors
  A hydra (shapeshifter) (Abyss:5)
  4 ghost crabs
  5 spriggan air magi
  3 merfolk avatars
  35 dancing weapons
  3 anacondas (shapeshifter)
  A catoblepas (Shoals:2)
  2 merfolk aquamancers (Shoals:4)
  3 alligators (Zig:14)
  An anaconda (Zig:8)
  14 ogre magi
  9 deep troll shamans
  58 two-headed ogres
  5 tengu warriors
  15 vampire magi
  An alligator snapping turtle (Shoals:4)
  12 death yaks
  68 hell hogs
  33 death scarabs
  6 death knights
  15 titan zombies
  6 spriggan berserkers
  12 deep troll earth magi
  30 thrashing horrors
  4 orc high priests
  87 soul eaters
  16 titan skeletons
  A shock serpent (shapeshifter) (Depths:2)
  63 sixfirhies
  8 storm dragon zombies
  162 sun demons
  27 shadow wraiths
  27 deep elf knights
  5 spatial maelstroms (Abyss:5)
  4 iron golems
  43 hell knights
  211 skeletal warriors
  15 iron trolls
  2 fire crabs (shapeshifter)
  16 wretched stars
  11 sea snakes
  10 storm dragon skeletons
  33 deep trolls
  12 golden dragon zombies
  An unseen horror (shapeshifter) (Vaults:2)
  10 glowing orange brains
  16 shadow dragon zombies
  A spriggan druid (Zig:14)
  26 flayed ghosts
  10 ghost moth zombies
  4 death drakes
  20 anaconda zombies
  A sea snake (shapeshifter) (Vaults:5)
  5 unseen horrors
  4 kraken simulacra (Coc:7)
  46 shadow demons
  18 torturous demonspawn (Pan)
  15 cherubim (Pan)
  24 infernal demonspawn (Pan)
  11 anaconda skeletons
  29 gelid demonspawn
  53 phantasmal warriors
  19 deep elf archers
  2 swamp dragons (Zig:14)
  9 wolf spider zombies
  24 ironbrand convokers
  27 harpies
  18 frost giant zombies
  16 necromancers
  16 orc knights
  2 shambling mangroves (Zig:14)
  16 golden dragon skeletons
  A mana viper (Zig:8)
  8 orc sorcerers
  13 wizards
  A harpy (shapeshifter) (Vaults:5)
  19 iron dragon zombies
  26 cyclopes
  27 orb spiders
  8 oklob plants
  9 shadow dragon skeletons
  43 wolf spiders
  74 ugly things
  79 deep elf magi
  19 fire giant zombies
  6 fauns
  5 moths of wrath
  4 worldbinders
  10 shining eyes
  16 stone giant zombies
  2 salamanders (shapeshifter)
  152 large abominations
  A faun (shapeshifter) (Zig:7)
  17 manticores
  9 iron dragon skeletons
  4 guardian serpents
  8 stone giant skeletons
  57 orange demons
  9 dire elephant zombies
  51 rust devils
  10 black mambas
  10 merfolk sirens
  10 ice statues
  28 vault sentinels
  11 fire giant skeletons
  10 elephants (Lair:6)
  7 eyes of devastation
  Maurice (D:9)
  9 molten gargoyles
  An alligator snapping turtle zombie (Coc:5)
  8 frost giant skeletons
  6 torpor snails
  5 apocalypse crabs
  3 water nymphs
  138 smoke demons
  7 centaur skeletons
  2 gargoyles
  18 spiny frogs
  4 shock serpent zombies
  3 naga magi
  111 hellions
  3 storm dragon simulacra (Coc:7)
  5 titan simulacra
  A yaktaur zombie (Hell)
  3 shock serpent skeletons
  8 catoblepas zombies
  7 dire elephant skeletons
  4 rime drakes
  4 emperor scorpion zombies
  38 yaktaurs
  5 kobold demonologists
  A torpor snail (shapeshifter) (Depths:3)
  64 freezing wraiths
  8 anaconda simulacra
  54 demonic crawlers
  3 spriggan zombies
  62 ice devils
  A yaktaur (shapeshifter) (Vaults:2)
  33 hydra zombies
  16 komodo dragons
  23 efreet
  116 red devils
  2 tengu conjurers (Depths:4)
  99 tormentors
  57 hellwings
  11 ancient zymes
  15 merfolk
  5 silent spectres
  44 guardian mummies
  2 meliai (Abyss:5)
  44 jumping spiders
  14 trolls
  3 elf skeletons
  A queen bee (Abyss:5)
  32 hornets
  2 catoblepas skeletons
  A queen ant zombie (Crypt:1)
  A polar bear (shapeshifter) (Vaults:3)
  4 wind drakes
  12 raiju
  11 blink frogs
  11 harpy zombies
  Grinder (D:4)
  12 hippogriffs
  A sphinx simulacrum (Zig:4)
  A tyrant leech (Zig:14)
  A wind drake (shapeshifter) (Depths:4)
  2 harpy skeletons
  12 hydra skeletons
  18 polar bears
  A blink frog (shapeshifter) (Zig:9)
  18 fire dragon zombies
  A fire giant simulacrum (Tar:2)
  149 slime creatures
  13 dream sheep
  17 ettin zombies
  A jumping spider zombie (Crypt:2)
  14 ice dragon zombies
  A stone giant simulacrum (Vaults:2)
  A deep troll zombie (Hell)
  10 bog bodies
  10 ice dragon skeletons
  8 air elementals
  19 alligator zombies
  9 snapping turtles
  27 water elementals
  221 flying skulls
  2 shock serpent simulacra
  20 ushabtiu
  94 redbacks
  10 alligator skeletons
  9 fire dragon skeletons
  3 vampires
  4 black mamba zombies
  63 shadows
  60 yaks
  107 ynoxinuls
  16 humans
  A tarantella (shapeshifter) (Depths:5)
  9 hogs
  A human (shapeshifter) (Vaults:1)
  7 spriggans
  45 tarantellas
  65 wraiths
  42 fire elementals
  10 ettin skeletons
  3 wyverns
  2 black mamba skeletons
  7 fire bats
  Grum (D:8)
  A yak (shapeshifter) (D:15)
  A golden eye (shapeshifter) (Vaults:3)
  3 basilisks
  92 chaos spawn
  13 hungry ghosts
  A steam dragon (D:11)
  A yaktaur simulacrum (Vaults:1)
  23 golden eyes
  3 merfolk zombies
  47 neqoxecs
  6 wargs
  3 tengu zombies (Hell)
  14 vampire mosquitoes
  7 insubstantial wisps
  12 spatial vortices
  5 nagas
  A monstrous demonspawn zombie (Dis:7)
  A two-headed ogre zombie (Crypt:1)
  A water nymph zombie (Crypt:3)
  A soldier ant (D:11)
  A two-headed ogre skeleton (Crypt:1)
  An acid dragon (shapeshifter) (Abyss:5)
  12 hydra simulacra
  3 acid dragons
  151 hell hounds
  23 spiny frog zombies
  13 water moccasins
  A merfolk skeleton (Dis:7)
  23 small abominations
  A tengu skeleton (Zig:6)
  2 floating eyes
  58 orc warriors
  2 spiny frog skeletons
  6 porcupines
  8 black bears
  4 sky beasts
  A dream sheep zombie (Crypt:1)
  3 swamp drakes
  4 swamp dragon zombies
  An eye of draining (shapeshifter) (Vaults:1)
  12 phantoms
  85 starcursed masses
  An ice dragon simulacrum (Abyss:4)
  21 ice beasts
  4 manticore zombies
  12 snapping turtle zombies
  A spriggan simulacrum (Depths:1)
  A boggart (Depths:2)
  18 eyes of draining
  49 necrophages
  6 manticore skeletons
  37 ogres
  17 wolves
  8 snapping turtle skeletons
  2 swamp dragon skeletons
  20 centaurs
  17 crocodiles
  An elf simulacrum (Zig:5)
  A hippogriff zombie (Crypt:3)
  4 big kobolds
  2 elf zombies
  A big kobold (shapeshifter) (Vaults:5)
  24 bullfrogs
  2 earth elementals
  A gnoll sergeant (D:6)
  A draconian skeleton (Crypt:2)
  3 wyvern zombies
  A deep troll simulacrum (Vaults:2)
  A merfolk simulacrum (Tar:2)
  3 spiny frog simulacra
  7 scorpions
  5 killer bees (Abyss:5)
  A cyclops skeleton (Crypt:2)
  2 troll skeletons
  180 wights
  A troll zombie (Tar:7)
  11 electric eels
  4 centaur zombies
  34 crimson imps
  3 bullfrog zombies
  A quasit (Abyss:4)
  3 hounds
  5 jellies
  4 bullfrog skeletons
  25 orc priests
  35 iron imps
  30 orc wizards
  A gnoll shaman (D:7)
  3 human zombies
  A lightning spire (Zig:11)
  4 iguanas
  19 worker ants
  2 killer bee zombies
  An ogre zombie (Tar:5)
  A big kobold zombie (Crypt:2)
  A naga skeleton (Dis:7)
  An ogre skeleton (Tar:6)
  A hound skeleton (D:7)
  64 mummies
  2 howler monkey zombies
  A hell rat zombie (Crypt:2)
  16 gnolls
  7 adders
  22 shadow imps
  17 white imps
  An ufetubus (Abyss:4)
  3 oozes
  3 adder skeletons
  A worm (D:4)
  2 ball lightnings (Pan)
  A dart slug (D:2)
  7 leopard geckos
  127 orcs
  A ball python (D:4)
  7 bats
  6 giant cockroaches
  20 goblins
  20 hobgoblins
  11 jackals
  32 kobolds
  3 quokkas
  7 frilled lizards
  A goblin skeleton (Crypt:3)
  An orc skeleton (Crypt:1)
  2 orc zombies
  A quokka skeleton (D:9)
  A rat (D:3)
  2 blocks of ice (Pan)
  4 briar patches
  9 crawling corpses
  A demonic plant (Pan)
  10 fire vortices
  8 fungi
  3 lurking horrors
  23 plants
  16 starspawn tentacles
  15 tentacles
8205 creatures vanquished.

Vanquished Creatures (collateral kills)
  A Tzitzimitl (Tar:7)
  3 emperor scorpions
  3 reapers (Tar:7)
  A jiangshi (Tar:7)
  A shadow demon (Tar:7)
  A phantasmal warrior (Tar:7)
  2 wolf spiders (Spider:4)
  A jumping spider (Spider:4)
  2 tarantellas (Spider:4)
  An electric eel (Spider:3)
  A shadow imp (Tar:7)
17 creatures vanquished.

Vanquished Creatures (others)
  A deep elf master archer (Elf:3)
  An eldritch tentacle (Coc:7)
  An ancient champion (Tomb:2)
  A revenant (Tomb:2)
  An elemental wellspring (Coc:5)
  A vault warden (Zig:9)
  3 stone giants
  A reaper (Pan)
  A very ugly thing (Vaults:4)
  A deep elf annihilator (Vaults:1)
  A merfolk javelineer (Depths:1)
  A blizzard demon (Pan)
  A yaktaur captain (Vaults:5)
  2 rakshasas
  2 centaur warriors
  A monstrous demonspawn (Pan)
  2 hell hogs
  A merfolk aquamancer (Shoals:4)
  A tengu warrior (Depths:4)
  12 death scarabs (Tomb:2)
  A naga sharpshooter (Zig:8)
  2 sixfirhies
  A cherub (Pan)
  An ironbrand convoker (Vaults:2)
  A deep elf archer (Elf:3)
  A cyclops (Zig:2)
  A moth of wrath (Zig:10)
  3 smoke demons
  7 yaktaurs
  A hellion (Geh:7)
  2 hellwings
  A tormentor (Geh:1)
  A harpy zombie (Tomb:2)
  An alligator skeleton (Tomb:2)
  5 flying skulls
  A yak (D:14)
  A fire bat (Pan)
  2 chaos spawn (Pan)
  A human (D:13)
  4 neqoxecs
  An acid dragon (Vaults:2)
  2 centaurs
  A killer bee (Abyss:5)
  A wight (Tar:5)
  A crimson imp (Hell)
  A small abomination (Abyss:5)
  4 mummies (Tomb:2)
  2 white imps (Coc:7)
  7 ball lightnings
  An orc (Vaults:4)
  2 kobolds
  An orc zombie (Coc:2)
  A block of ice (Pan)
  9 briar patches (Zig:14)
  A demonic plant (Pan)
  28 fungi
  3 lurking horrors (Abyss:5)
  24 plants
  28 starspawn tentacles
  31 tentacles
223 creatures vanquished.

Grand Total: 8445 creatures vanquished

Notes
Turn   | Place    | Note
-------+----------+-------------------------------------------
     0 | D:1      | Orange the Formicid Berserker began the quest for the Orb.
     0 | D:1      | Reached XP level 1. HP: 18/18 MP: 1/1
    40 | D:1      | Reached XP level 2. HP: 12/24 MP: 2/2
   216 | D:1      | Found a sparkling altar of Nemelex Xobeh.
   999 | D:1      | Reached XP level 3. HP: 29/29 MP: 3/3
  1632 | D:2      | Reached XP level 4. HP: 22/35 MP: 4/4
  1690 | D:2      | Reached ** piety under Trog
  2600 | D:3      | Reached XP level 5. HP: 35/41 MP: 5/5
  2779 | D:3      | Found a shadowy altar of Dithmenos.
  2936 | D:3      | Found a shattered altar of Ashenzari.
  2938 | D:3      | Found a hazy altar of Hepliaklqana.
  3130 | D:3      | Found a bloodstained altar of Trog.
  3130 | D:3      | Noticed an eye of draining
  3135 | D:3      | Noticed an eye of draining
  3154 | D:3      | Killed an eye of draining
  3154 | D:3      | Reached skill level 5 in Axes
  3154 | D:3      | Reached skill level 1 in Shields
  3154 | D:3      | Reached XP level 6. HP: 48/48 MP: 0/6
  3175 | D:3      | Killed an eye of draining
  3449 | D:4      | Reached *** piety under Trog
  3493 | D:4      | Reached XP level 7. HP: 51/53 MP: 2/7
  3567 | D:4      | Found a stormy altar of Qazlal.
  3726 | D:4      | Noticed Grinder
  3731 | D:4      | Killed Grinder
  3731 | D:4      | Reached XP level 8. HP: 52/60 MP: 2/8
  4058 | D:5      | Entered Level 5 of the Dungeon
  4136 | D:5      | Reached skill level 5 in Armour
  4509 | D:5      | Got a smoking pewter ring
  4951 | D:6      | Reached **** piety under Trog
  4962 | D:6      | Reached XP level 9. HP: 49/66 MP: 3/9
  5311 | D:6      | Found a sparkling altar of Nemelex Xobeh.
  5321 | D:6      | Reached skill level 5 in Shields
  5362 | D:6      | Identified the ring of Zacafrup {rElec rPois rC+ MP-9} (You found it on level 5 of the Dungeon)
  5528 | D:6      | Reached skill level 5 in Fighting
  5635 | D:6      | Found an iron altar of Okawaru.
  6075 | D:7      | Gained mutation: You are resistant to hostile enchantments. (MR+) [mutagenic meat]
  6076 | D:7      | Gained mutation: You have large cloven feet. [mutagenic meat]
  6077 | D:7      | Gained mutation: You are partially covered in yellow scales. (AC +2) [mutagenic meat]
  6107 | D:7      | Reached skill level 10 in Axes
  6188 | D:7      | Reached XP level 10. HP: 74/74 MP: 0/10
  6349 | D:7      | Reached ***** piety under Trog
  6574 | D:7      | Found a staircase to the Ecumenical Temple.
  6592 | D:7      | Found a glowing silver altar of Zin.
  6594 | D:7      | Found an opulent altar of Gozag.
  6644 | D:7      | Found a shimmering altar of Xom.
  6646 | D:7      | Found a snail-covered altar of Cheibriados.
  7117 | D:8      | Noticed Grum
  7128 | D:8      | Killed Grum
  7605 | D:8      | Found a blossoming altar of Fedhas.
  7916 | D:8      | Found a staircase to the Lair.
  8129 | D:8      | Reached XP level 11. HP: 81/81 MP: 0/11
  8158 | D:9      | Found a hide-covered altar of Uskayaw.
  8158 | D:9      | Noticed a dagger
  8159 | D:9      | Noticed a dagger
  8326 | D:9      | Noticed a skeletal warrior
  8328 | D:9      | Noticed a two-headed ogre
  8663 | D:9      | Found Siylakuh's Gadget Boutique.
  8673 | D:9      | Noticed Maurice
  8683 | D:9      | Killed Maurice
  8880 | D:9      | Noticed a manticore
  8893 | D:9      | Killed a manticore
  8895 | D:9      | Noticed a sixfirhy
  9113 | D:9      | Received a gift from Trog
  9327 | D:10     | Entered Level 10 of the Dungeon
  9355 | D:10     | Noticed a two-headed ogre
  9365 | D:10     | Killed a two-headed ogre
  9557 | D:10     | Found a staircase to the Orcish Mines.
 10307 | Lair:1   | Entered Level 1 of the Lair of Beasts
 11097 | Lair:2   | Reached XP level 12. HP: 67/89 MP: 1/12
 11301 | Lair:2   | Found a staircase to the Shoals.
 12384 | Lair:3   | Noticed a six-headed hydra
 12396 | Lair:3   | Killed a one-headed hydra
 12614 | Lair:3   | Reached skill level 10 in Armour
 13193 | Lair:4   | Noticed Kirke
 13212 | Lair:4   | Killed Kirke
 13212 | Lair:4   | Received a gift from Trog
 13348 | Lair:4   | Reached XP level 13. HP: 66/98 MP: 1/13
 13379 | Lair:4   | Noticed Snorg
 13618 | Lair:4   | Reached skill level 15 in Axes
 13716 | Lair:4   | Found a hole to the Spider Nest.
 13965 | Lair:4   | Found a snail-covered altar of Cheibriados.
 14232 | Lair:5   | Got an ichor-stained leather armour
 14243 | Lair:5   | Identified the +1 leather armour of the Hunter {Slay+5} (You found it on level 5 of the Lair of Beasts)
 14343 | Lair:5   | Noticed a six-headed hydra
 14352 | Lair:5   | Killed a two-headed hydra
 14938 | Lair:5   | Found a viscous altar of Jiyva.
 14939 | Lair:5   | Found a staircase to the Slime Pits.
 15322 | Lair:6   | Entered Level 6 of the Lair of Beasts
 15653 | Lair:6   | Noticed a four-headed hydra
 15691 | Lair:6   | Killed a one-headed hydra
 15972 | Lair:6   | Reached skill level 10 in Shields
 15972 | Lair:6   | Reached XP level 14. HP: 39/106 MP: 1/14
 17705 | Lair:6   | Found a burning altar of Makhleb.
 17907 | Lair:6   | Found a gateway to Hell.
 17922 | Lair:6   | Lost mutation: You are resistant to hostile enchantments. (MR+) [potion of cure mutation]
 17922 | Lair:6   | Lost mutation: You have large cloven feet. [potion of cure mutation]
 17922 | Lair:6   | Lost mutation: You are partially covered in yellow scales. (AC +2) [potion of cure mutation]
 17926 | Lair:6   | Got a translucent great mace
 17929 | Lair:6   | Identified the cursed +1 great mace of Ru's Regard {freeze, MR+ Dex+4} (You found it on level 6 of the Lair of Beasts)
 18110 | Lair:6   | Received a gift from Trog
 18711 | Spider:1 | Entered Level 1 of the Spider Nest
 19235 | Spider:1 | Upgraded the game from 0.20-a0-301-g264e157 to 0.20-a0-303-g575bbf7
 19306 | Spider:1 | Noticed an entropy weaver
 19825 | Lair:4   | Killed an entropy weaver
 19825 | Lair:4   | Reached XP level 15. HP: 51/115 MP: 2/15
 20060 | Lair:4   | Reached skill level 1 in Evocations
 20419 | Spider:1 | Reached skill level 10 in Fighting
 20934 | Spider:1 | Reached skill level 5 in Dodging
 21130 | Spider:1 | Noticed an emperor scorpion
 21153 | Spider:1 | Killed an emperor scorpion
 21441 | Spider:1 | Reached ****** piety under Trog
 22272 | Spider:2 | Noticed a ghost moth
 22278 | Spider:2 | Received a gift from Trog
 22281 | Spider:2 | Killed a ghost moth
 22289 | Spider:2 | Gained mutation: You are partially covered in molten scales. (AC +2) [mutagenic meat]
 22642 | Spider:2 | Noticed an emperor scorpion
 22678 | Spider:2 | Killed an emperor scorpion
 23472 | Spider:3 | Reached XP level 16. HP: 108/126 MP: 2/17
 24226 | Spider:3 | Noticed Nikola
 24340 | Spider:3 | Received a gift from Trog
 24486 | Spider:4 | Entered Level 4 of the Spider Nest
 24600 | Spider:4 | Noticed Arachne
 24852 | Spider:4 | Killed Arachne
 25224 | Spider:3 | HP: 6/127 [emperor scorpion (4)]
 26441 | Spider:4 | Received a gift from Trog
 27209 | Spider:4 | Reached XP level 17. HP: 78/135 MP: 3/18
 29711 | Spider:3 | Received a gift from Trog
 30274 | Spider:4 | Got a gossamer rune of Zot
 30453 | Spider:4 | Gained mutation: You are dopey. (Int -2) [mutagenic meat]
 30454 | Spider:4 | Gained mutation: You are robust. (+10% HP) [mutagenic meat]
 30456 | Spider:4 | Gained mutation: You have an increased reservoir of magic. (+10% MP) [mutagenic meat]
 31029 | Lair:4   | Killed Snorg
 31040 | Lair:4   | Noticed Rupert
 31057 | Lair:4   | Killed Rupert
 31623 | Orc:1    | Entered Level 1 of the Orcish Mines
 31888 | Orc:2    | Entered Level 2 of the Orcish Mines
 31888 | Orc:2    | Found a staircase to the Elven Halls.
 31949 | Orc:2    | Noticed Erolcha
 31951 | Orc:2    | Killed Erolcha
 31951 | Orc:2    | Reached XP level 18. HP: 159/159 MP: 4/21
 32177 | Orc:2    | Found Joockiwn's Antique Armour Shop.
 32218 | Orc:2    | Bought a pair of glowing boots for 220 gold pieces
 32218 | Orc:2    | Bought a pair of bloodstained gloves for 199 gold pieces
 32234 | Orc:2    | Identified the +2 pair of gloves "Kiosisiw" {Regen+} (You bought it in a shop on level 2 of the Orcish Mines)
 32262 | Orc:2    | Noticed Nessos
 32266 | Orc:2    | Killed Nessos
 32266 | Orc:2    | Received a gift from Trog
 32415 | Orc:2    | Reached skill level 15 in Armour
 32577 | Orc:2    | Found Iheiq's Food Boutique.
 32577 | Orc:2    | Found Dusow's General Store.
 32579 | Orc:2    | Found Lyhef's Gadget Boutique.
 32579 | Orc:2    | Found Kociokog's Jewellery Shoppe.
 32591 | Orc:2    | Bought a slice of pizza for 22 gold pieces
 32595 | Orc:2    | Bought the ring "Onku" {MR+ Str+4 Dex+5} for 746 gold pieces
 32828 | Orc:1    | Found Nailab's Antique Weapon Boutique.
 33132 | Orc:2    | Bought a smelly chain mail for 199 gold pieces
 33143 | Orc:2    | Identified the +1 chain mail of Bayl {rF+ rN+ MR++ Int-5} (You bought it in a shop on level 2 of the Orcish Mines)
 33219 | Elf:1    | Entered Level 1 of the Elven Halls
 33600 | Elf:1    | Received a gift from Trog
 34343 | Elf:1    | Reached skill level 10 in Dodging
 34438 | Elf:1    | Reached skill level 15 in Shields
 34442 | Elf:1    | Received a gift from Trog
 34851 | Shoals:1 | Entered Level 1 of the Shoals
 35242 | Shoals:1 | Noticed Aizul
 35254 | Shoals:1 | Killed Aizul
 35254 | Shoals:1 | Reached XP level 19. HP: 103/168 MP: 15/24
 35294 | Shoals:1 | Gained mutation: You possess an exceptional clarity of mind. [mutagenic meat]
 35295 | Shoals:1 | Gained mutation: Your natural rate of healing is unusually fast. [mutagenic meat]
 35386 | Shoals:1 | Reached skill level 5 in Evocations
 35616 | Shoals:1 | Noticed Louise
 35671 | Shoals:1 | Killed Louise
 35699 | Shoals:1 | Noticed Donald
 36179 | Shoals:2 | Noticed Polyphemus
 36286 | Shoals:2 | Killed Polyphemus
 36370 | Shoals:2 | Received a gift from Trog
 38062 | Shoals:4 | Entered Level 4 of the Shoals
 38287 | Shoals:4 | Reached skill level 15 in Fighting
 38401 | Shoals:4 | Gained mutation: You are somewhat resistant to further mutation. [potion of beneficial mutation]
 38403 | Shoals:4 | Got a warped pewter ring
 38404 | Shoals:4 | Identified the ring "Xusoddei" {rN+ Int+5 Dex-5 SInv} (You found it on level 4 of the Shoals)
 38438 | Shoals:4 | Noticed Ilsuiw
 38543 | Shoals:4 | Killed Ilsuiw
 38771 | Shoals:4 | Identified a scroll of acquirement
 38873 | Shoals:4 | Reached XP level 20. HP: 100/178 MP: 18/27
 38955 | Shoals:4 | Got a barnacled rune of Zot
 39445 | Lair:2   | Got a fine iron ring
 39447 | Lair:2   | Lost intelligence.
 39447 | Lair:2   | Identified the ring of the Fool {rN+ Str+4 Int-3 Dex+4} (You acquired it on level 2 of the Lair of Beasts)
 39620 | D:9      | Got a warped great mace
 39621 | D:9      | Identified the +7 great mace "Hydrabane" {crush, Dex+4} (You found it on level 9 of the Dungeon)
 39737 | D:11     | Received a gift from Trog
 39907 | D:11     | Found a frozen archway.
 39931 | IceCv    | Entered an ice cave
 40338 | D:11     | Found a flagged portal.
 40371 | Bailey   | Entered a bailey
 40408 | Bailey   | Found an iron altar of Okawaru.
 40448 | Bailey   | Received a gift from Trog
 41646 | D:12     | Found Optops's Distillery.
 41649 | D:12     | Bought 2 potions of curing for 72 gold pieces
 41649 | D:12     | Bought a potion of heal wounds for 60 gold pieces
 41649 | D:12     | Bought a potion of invisibility for 96 gold pieces
 41649 | D:12     | Bought a potion of curing for 36 gold pieces
 41649 | D:12     | Bought 2 potions of resistance for 240 gold pieces
 41777 | D:12     | Noticed Josephine
 41783 | D:12     | Killed Josephine
 42220 | D:13     | Found a gate to the Vaults.
 42238 | D:13     | Received a gift from Trog
 42466 | D:13     | Found a radiant altar of Vehumet.
 43361 | D:15     | Entered Level 15 of the Dungeon
 43454 | D:15     | Reached skill level 5 in Invocations
 43454 | D:15     | Reached XP level 21. HP: 187/187 MP: 20/29
 43455 | D:15     | Reached XP level 22. HP: 196/196 MP: 21/30
 43482 | D:15     | Received a gift from Trog
 43597 | D:15     | Found a staircase to the Depths.
 43692 | D:15     | Got a heavily runed scale mail
 43852 | D:15     | Identified the +0 scale mail of Honnynus {rC+} (You found it on level 15 of the Dungeon)
 43870 | D:15     | Gained mutation: You are covered in fur. (AC +1) [mutagenic meat]
 43997 | D:15     | Reached XP level 23. HP: 202/203 MP: 22/31
 44086 | Depths:1 | Entered Level 1 of the Depths
 44290 | Depths:1 | Gained mutation: Your body sometimes deteriorates upon taking damage. [mutagenic meat]
 44294 | Depths:1 | Lost mutation: Your body sometimes deteriorates upon taking damage. [mutagenic meat]
 44311 | Depths:1 | Found a glowing golden altar of the Shining One.
 44329 | Depths:1 | Received a gift from Trog
 44354 | Depths:1 | Gained mutation: You are somewhat resistant to both further mutation and mutation removal. [mutagenic meat]
 44454 | Depths:1 | Got a pair of fine boots
 44465 | Depths:1 | Identified the cursed +0 pair of boots of Ushriduff {rF+ rN+ Dex+3} (You found it on level 1 of the Depths)
 44688 | Depths:1 | Found a shimmering altar of Xom.
 44965 | Depths:1 | Found a portal to a secret trove of treasure.
 45570 | Spider:3 | Killed Nikola
 46016 | Elf:2    | Upgraded the game from 0.20-a0-303-g575bbf7 to 0.20-a0-309-gcba9277
 46074 | Elf:2    | Found Yluifoh's Book Shoppe.
 46099 | Elf:2    | Received a gift from Trog
 46262 | Elf:2    | Identified the Almanac of Axaxaxas mlö
 46270 | Elf:2    | Identified Sif Muna's Compendium of Dhcmrlchtdj
 46287 | Elf:2    | Identified the Handbook of Sand
 46460 | Elf:2    | Found a huge runed gate.
 46460 | Elf:2    | Found a huge runed gate.
 46460 | Elf:2    | Found a huge runed gate.
 46476 | Elf:2    | Found a huge runed gate.
 46477 | Elf:2    | Found a huge runed gate.
 46517 | Elf:2    | Cast into level 4 of the Abyss (scimitar of distortion)
 46715 | Elf:2    | Escaped the Abyss
 46968 | Elf:2    | Received a gift from Trog
 46968 | Elf:2    | Reached XP level 24. HP: 201/212 MP: 8/33
 47227 | Elf:3    | Entered Level 3 of the Elven Halls
 47316 | Elf:3    | Reached skill level 10 in Evocations
 47667 | Elf:3    | Received a gift from Trog
 47696 | Elf:3    | Got a jewelled battleaxe
 47697 | Elf:3    | Identified the +6 battleaxe of the Everdark {chop, *Corrode rElec rC++ Str+4} (You found it on level 3 of the Elven Halls)
 47722 | Elf:3    | Identified Zehit's Tome of Venomous Summoning
 47753 | Elf:3    | Got a heavily runed chain mail
 47765 | Elf:3    | Identified the cursed +0 chain mail of Bedevilment {rC+ Regen+} (You found it on level 3 of the Elven Halls)
 47887 | Elf:3    | Got a pair of shimmering boots
 47898 | Elf:3    | Identified the +2 pair of boots "Elaut" {rCorr} (You found it on level 3 of the Elven Halls)
 48460 | D:13     | Got a pair of crude boots
 48471 | D:13     | Identified the +0 pair of boots of the Gravedigger {Str+6} (You acquired it on level 13 of the Dungeon)
 48560 | Depths:1 | Fell from the grace of Trog
 48560 | Depths:1 | Became a worshipper of the Shining One
 48737 | Vaults:1 | Entered Level 1 of the Vaults
 49015 | Vaults:1 | Reached * piety under the Shining One
 49056 | Vaults:1 | Found Feraeloz's Food Emporium.
 49145 | Vaults:1 | Found Kevvonli's Jewellery Boutique.
 49488 | Vaults:1 | Found Jegge's Weapon Boutique.
 49686 | Vaults:1 | Reached XP level 25. HP: 210/222 MP: 24/33
 49731 | Vaults:1 | Found Gesseraq's Armour Shoppe.
 49771 | Vaults:1 | Reached ** piety under the Shining One
 49918 | Vaults:1 | Gained mutation: You are resistant to electric shocks. (rElec) [mutagenic meat]
 49919 | Vaults:1 | Lost mutation: You are dopey. (Int -2) [mutagenic meat]
 50434 | Vaults:2 | Noticed Asterion
 50443 | Vaults:2 | Killed Asterion
 50518 | Vaults:2 | Reached *** piety under the Shining One
 50765 | Vaults:2 | Found a staircase to the Crypt.
 50958 | Vaults:2 | Paralysed by Trog for 5 turns
 51046 | Vaults:2 | Gained mutation: You are dopey. (Int -2) [mutagenic meat]
 51047 | Vaults:2 | Gained mutation: You have sharp toenails. [mutagenic meat]
 51053 | Vaults:2 | Gained mutation: You are partially covered in large bone plates. (SH +4) [mutagenic meat]
 51258 | Vaults:2 | Reached **** piety under the Shining One
 51375 | Vaults:2 | Gained mutation: Your spells are a little harder to cast, but a little more powerful. [potion of mutation]
 51518 | Vaults:3 | Lost mutation: You possess an exceptional clarity of mind. [mutagenic meat]
 51603 | Vaults:3 | Gained mutation: You occasionally shout uncontrollably at your foes. [mutagenic meat]
 51880 | Vaults:3 | Reached XP level 26. HP: 183/232 MP: 17/33
 52007 | Vaults:3 | Reached ***** piety under the Shining One
 52218 | Vaults:3 | Got a smoking crystal plate armour
 52229 | Vaults:3 | Identified the +10 crystal plate armour of Spring {Int+3} (You acquired it on level 3 of the Vaults)
 52846 | Vaults:4 | Found Umniropt's Antique Weapon Shop.
 53026 | Vaults:4 | Noticed Bai Suzhen
 53041 | Vaults:4 | Killed Bai Suzhen
 53041 | Vaults:4 | Reached skill level 10 in Invocations
 53298 | Vaults:4 | Paralysed by Trog for 3 turns
 53327 | Vaults:4 | Found Vettit's Magic Scroll Shoppe.
 53340 | Vaults:4 | Bought a scroll of identify for 26 gold pieces
 53340 | Vaults:4 | Bought a scroll of enchant weapon for 97 gold pieces
 53340 | Vaults:4 | Bought a scroll of enchant armour for 97 gold pieces
 53340 | Vaults:4 | Bought a scroll of enchant armour for 97 gold pieces
 53780 | Vaults:3 | Noticed Xtahua
 53788 | Vaults:3 | Killed Xtahua
 53857 | Crypt:1  | Entered Level 1 of the Crypt
 54015 | Crypt:1  | Reached ****** piety under the Shining One
 54249 | Crypt:1  | Reached skill level 15 in Dodging
 54624 | Crypt:2  | Reached XP level 27. HP: 240/240 MP: 25/34
 55112 | Crypt:2  | Found an ancient bone altar of Kikubaaqudgha.
 55153 | Crypt:3  | Entered Level 3 of the Crypt
 55231 | Crypt:3  | Found a staircase to the Tomb.
 55413 | Crypt:3  | Noticed Sojobo
 55565 | Crypt:3  | Noticed Frederick
 55571 | Crypt:3  | Killed Frederick
 55691 | Crypt:3  | Found an ancient bone altar of Kikubaaqudgha.
 55903 | Crypt:3  | Noticed Jory
 55915 | Crypt:3  | Killed Jory
 55948 | Crypt:3  | Identified the Disquisition on Scorching Confrontation
 55954 | Crypt:3  | Got a warped trident
 55955 | Crypt:3  | Identified the +7 trident "Acahuiluav" {holy, rF+ Int+3 Stlth-} (You found it on level 3 of the Crypt)
 56469 | Crypt:3  | Killed Sojobo
 56505 | Crypt:3  | Was forgiven by Trog
 57785 | Depths:2 | Noticed the Enchantress
 57809 | Depths:2 | Killed the Enchantress
 57959 | Depths:2 | Noticed a juggernaut
 57971 | Depths:2 | Killed a juggernaut
 58426 | Depths:2 | Found a one-way gate leading to the halls of Pandemonium.
 58587 | Depths:2 | Gained mutation: You are agile. (Dex +2) [mutagenic meat]
 58696 | Depths:3 | Got a bloodstained battleaxe
 58697 | Depths:3 | Identified the +1 battleaxe "Eridgh" {holy, rC+ Str+2} (You found it on level 3 of the Depths)
 59924 | Depths:4 | Found a one-way gate to the infinite horrors of the Abyss.
 59983 | Depths:4 | Found a gateway to a ziggurat.
 60569 | Depths:5 | Entered Level 5 of the Depths
 61140 | Depths:5 | Found a gate to the Realm of Zot.
 61505 | Depths:1 | Gained mutation: You are almost entirely resistant to further mutation and mutation removal. [mutagenic meat]
 61728 | Vaults:5 | Entered Level 5 of the Vaults
 61728 | Vaults:5 | Noticed ohados's ghost (adept TrTm)
 61730 | Vaults:5 | Noticed an ancient lich
 61746 | Vaults:5 | Killed an ancient lich
 61924 | Vaults:5 | Killed ohados's ghost
 61953 | Vaults:5 | Reached skill level 15 in Invocations
 62058 | Vaults:5 | Got an ancient ivory ring
 62111 | Vaults:5 | Got a silver rune of Zot
 62197 | Vaults:5 | Noticed an ancient lich
 62202 | Vaults:5 | Killed an ancient lich
 62443 | Vaults:5 | Got a wavering marble ring
 62444 | Vaults:5 | Identified the ring of Der Cimi {rPois Dex+2} (You took it off an ironheart preserver on level 5 of the Vaults)
 62445 | Vaults:5 | Identified the ring of the Illusory Wars {rF- rN+ Str+4} (You found it on level 5 of the Vaults)
 62826 | Vaults:5 | Reached skill level 15 in Evocations
 64092 | Slime:1  | Entered Level 1 of the Pits of Slime
 66314 | Slime:5  | Entered Level 5 of the Pits of Slime
 67297 | Slime:5  | Noticed the Royal Jelly
 67333 | Slime:5  | Killed the Royal Jelly
 67518 | Slime:5  | Got a crude marble ring
 67537 | Slime:5  | Identified the ring "Bacs" {Fire rPois} (You found it on level 5 of the Pits of Slime)
 67550 | Slime:5  | Got a faintly glowing marble ring
 67565 | Slime:5  | Got a slimy rune of Zot
 68086 | D:12     | Bought a potion of magic for 96 gold pieces
 68086 | D:12     | Bought a potion of magic for 96 gold pieces
 68086 | D:12     | Bought a potion of flight for 36 gold pieces
 68350 | Depths:1 | Identified the ring "Zodujoh" {rF+ rC+ Slay+1} (You found it on level 5 of the Pits of Slime)
 68362 | Depths:1 | You showed the slimy rune of Zot to enter a treasure trove
 68363 | Trove    | Entered a treasure trove
 68371 | Trove    | Got an ancient large shield
 68382 | Trove    | Identified the +7 large shield of Benedda {*Drain rPois Regen+ Dex+3} (You found it in a treasure trove)
 68398 | Trove    | Got a coiled pewter amulet
 68403 | Trove    | Got an ancient wooden ring
 68407 | Trove    | Got a clouded glass ring
 68409 | Trove    | Got a pair of jewelled boots
 68410 | Trove    | Identified the +0 pair of boots of Honour {*Contam rN++ Str+2 Dex+2} (You found it in a treasure trove)
 68411 | Trove    | Identified the amulet of the Princeling {RegenMP +Blink rPois MR- Dex+6} (You found it in a treasure trove)
 68413 | Trove    | Identified the ring of Fanup {Wiz rF+ rC+ rN+} (You found it in a treasure trove)
 68421 | Trove    | Identified the ring "Kudat" {Ice Dex+4 Slay+5} (You found it in a treasure trove)
 68435 | Trove    | Got a jewelled ring mail
 68436 | Trove    | Identified the cursed +1 ring mail "Teohumie" {*Drain +Fly Str+8 SInv} (You found it in a treasure trove)
 68596 | Depths:4 | Voluntarily entered the Abyss.
 68674 | Abyss:1  | Found a shattered altar of Ashenzari.
 68793 | Abyss:3  | Found a corrupted altar of Lugonu.
 68934 | Abyss:4  | Identified a +6 executioner's axe of holy wrath (a +4 antimagic executioner's axe blessed by the Shining One)
 68934 | Abyss:4  | Received a gift from the Shining One
 69195 | Abyss:5  | Entered Level 5 of the Abyss
 69740 | Abyss:5  | Found a corrupted altar of Lugonu.
 69804 | Abyss:5  | Got an abyssal rune of Zot
 69952 | Abyss:5  | Noticed an ancient lich
 69960 | Abyss:5  | Killed an ancient lich
 70158 | Depths:4 | Escaped the Abyss
 70486 | Tomb:1   | Entered Level 1 of the Tomb of the Ancients
 70703 | Tomb:1   | Got a dazzling cloak
 70704 | Tomb:1   | Identified the +0 cloak "Kestirefo" {rF+ Str+3 Stlth+} (You found it on level 1 of the Tomb of the Ancients)
 70824 | Tomb:1   | Noticed a greater mummy
 70830 | Tomb:1   | Noticed a greater mummy
 70837 | Tomb:1   | Killed a greater mummy
 70843 | Tomb:1   | Killed a greater mummy
 71334 | Tomb:1   | Got a sparkling garnet amulet
 71336 | Tomb:1   | Identified the amulet "Lawoutri" {Faith rF+ Int+4} (You found it on level 1 of the Tomb of the Ancients)
 71412 | Tomb:2   | Noticed a greater mummy
 71413 | Tomb:2   | Noticed a greater mummy
 71413 | Tomb:2   | Noticed a greater mummy
 71423 | Tomb:2   | Noticed a greater mummy
 71563 | Tomb:1   | Killed a greater mummy
 71607 | Tomb:1   | Killed a greater mummy
 71746 | Tomb:1   | Killed a greater mummy
 71824 | Tomb:2   | Killed a greater mummy
 72103 | Tomb:1   | Noticed a greater mummy
 72124 | Tomb:1   | Killed a greater mummy
 72137 | Tomb:1   | Noticed a greater mummy
 72139 | Tomb:1   | Killed a greater mummy
 72163 | Tomb:1   | Noticed a greater mummy
 72166 | Tomb:1   | Killed a greater mummy
 72222 | Tomb:1   | Noticed a greater mummy
 72236 | Tomb:1   | Killed a greater mummy
 72254 | Tomb:1   | Noticed a greater mummy
 72274 | Tomb:1   | Killed a greater mummy
 72345 | Tomb:1   | Noticed a greater mummy
 72358 | Tomb:1   | Killed a greater mummy
 72459 | Tomb:1   | Noticed a greater mummy
 72475 | Tomb:1   | Killed a greater mummy
 72559 | Tomb:1   | Noticed a greater mummy
 72574 | Tomb:1   | Noticed a greater mummy
 72578 | Tomb:1   | Killed a greater mummy
 72585 | Tomb:1   | Killed a greater mummy
 73472 | Tomb:3   | Entered Level 3 of the Tomb of the Ancients
 73651 | Tomb:3   | Noticed a greater mummy
 73653 | Tomb:3   | Noticed a greater mummy
 73655 | Tomb:3   | Noticed a greater mummy
 73656 | Tomb:3   | Noticed a greater mummy
 73658 | Tomb:3   | Noticed a greater mummy
 73774 | Tomb:3   | Noticed a greater mummy
 73839 | Tomb:3   | Noticed a greater mummy
 73844 | Tomb:3   | Noticed a greater mummy
 73846 | Tomb:2   | Killed a greater mummy
 73968 | Tomb:2   | Killed a greater mummy
 73971 | Tomb:2   | Killed a greater mummy
 74106 | Tomb:3   | Killed a greater mummy
 74107 | Tomb:3   | Killed a greater mummy
 74107 | Tomb:3   | Killed a greater mummy
 74109 | Tomb:3   | Killed a greater mummy
 74116 | Tomb:3   | Killed a greater mummy
 74130 | Tomb:3   | Noticed a greater mummy
 74136 | Tomb:3   | Killed a greater mummy
 74513 | Tomb:3   | Got a pair of fine boots
 74513 | Tomb:3   | Got a pair of slimy gloves
 74514 | Tomb:3   | Identified the +2 pair of boots of the Past {rElec rN+ Dex-5} (You found it on level 3 of the Tomb of the Ancients)
 74517 | Tomb:3   | Identified the +5 pair of gloves "Coinkoq" {Int+2 Dex+4 SInv} (You found it on level 3 of the Tomb of the Ancients)
 74533 | Tomb:3   | Got a steaming ruby amulet
 74534 | Tomb:3   | Identified the amulet "Nabif" {Regen+ Str-3 Int+4 Dex+3 Stlth+} (You found it on level 3 of the Tomb of the Ancients)
 74623 | Tomb:3   | Got a golden rune of Zot
 75678 | Vaults:1 | Learned a level 2 spell: Repel Missiles
 76618 | Pan      | Entered Pandemonium
 76635 | Pan      | Reached skill level 27 in Axes
 76971 | Pan      | Found an exit through the horrors of the Abyss.
 77160 | Pan      | Noticed Aliotoar the pandemonium lord
 77254 | Pan      | Killed Aliotoar the pandemonium lord
 77311 | Pan      | Got a demonic rune of Zot
 77717 | Pan      | Noticed Kith the pandemonium lord
 77727 | Pan      | Killed Kith the pandemonium lord
 78123 | Pan      | Found an exit through the horrors of the Abyss.
 78658 | Pan      | Found an exit through the horrors of the Abyss.
 79104 | Pan      | Noticed Ryimuh Rome the pandemonium lord
 79123 | Pan      | Killed Ryimuh Rome the pandemonium lord
 79555 | Pan      | Noticed Marieth the pandemonium lord
 79575 | Pan      | Killed Marieth the pandemonium lord
 79640 | Pan      | Found an exit through the horrors of the Abyss.
 79789 | Pan      | Learned a level 2 spell: Song of Slaying
 80432 | Pan      | Found an exit through the horrors of the Abyss.
 80512 | Pan      | Noticed Xigrustis the pandemonium lord
 80525 | Pan      | Killed Xigrustis the pandemonium lord
 80824 | Pan      | Noticed Wabyd the pandemonium lord
 80854 | Pan      | Killed Wabyd the pandemonium lord
 81230 | Pan      | Found an exit through the horrors of the Abyss.
 81709 | Pan      | Found an exit through the horrors of the Abyss.
 81784 | Pan      | Noticed Kiar the pandemonium lord
 81834 | Pan      | Killed Kiar the pandemonium lord
 82679 | Pan      | Found an exit through the horrors of the Abyss.
 82789 | Pan      | Noticed Teok the pandemonium lord
 82804 | Pan      | Killed Teok the pandemonium lord
 83472 | Pan      | Noticed Sunwoud the pandemonium lord
 83484 | Pan      | Killed Sunwoud the pandemonium lord
 83560 | Pan      | Found an exit through the horrors of the Abyss.
 83912 | Pan      | Found an exit through the horrors of the Abyss.
 84056 | Pan      | Noticed Nomu Jai the pandemonium lord
 84060 | Pan      | Killed Nomu Jai the pandemonium lord
 84659 | Pan      | Found an exit through the horrors of the Abyss.
 84792 | Pan      | Noticed Kat Adag the pandemonium lord
 84807 | Pan      | Killed Kat Adag the pandemonium lord
 85109 | Pan      | Got an ancient platinum ring
 85355 | Pan      | Found a white marble altar of Elyvilon.
 85429 | Pan      | Reached skill level 27 in Shields
 86023 | Pan      | Found a glowing silver altar of Zin.
 86064 | Pan      | Identified the ring "Cewyod" {rPois rC+ MR+ Int+4} (You found it in Pandemonium)
 86271 | Pan      | Noticed a seraph
 86382 | Pan      | Found a glowing golden altar of the Shining One.
 86393 | Pan      | Killed a seraph
 87496 | Pan      | Found an exit through the horrors of the Abyss.
 87797 | Pan      | Noticed Rinuukhlo the pandemonium lord
 87916 | Pan      | Killed Rinuukhlo the pandemonium lord
 88009 | Pan      | Reached skill level 27 in Fighting
 88282 | Pan      | Found an exit through the horrors of the Abyss.
 88372 | Pan      | Noticed Zucy Acroba the pandemonium lord
 88380 | Pan      | Killed Zucy Acroba the pandemonium lord
 89296 | Pan      | Found an exit through the horrors of the Abyss.
 89357 | Pan      | Noticed Zokkoam the pandemonium lord
 89403 | Pan      | Killed Zokkoam the pandemonium lord
 89473 | Pan      | Found a runed door.
 89794 | Pan      | Noticed Xaqokk the pandemonium lord
 89804 | Pan      | Killed Xaqokk the pandemonium lord
 89986 | Pan      | Found an exit through the horrors of the Abyss.
 90467 | Pan      | Found an exit through the horrors of the Abyss.
 90724 | Pan      | Noticed Guiwehat the pandemonium lord
 90732 | Pan      | Killed Guiwehat the pandemonium lord
 91196 | Pan      | Reached skill level 27 in Armour
 91486 | Pan      | Noticed Onnir the pandemonium lord
 91510 | Pan      | Killed Onnir the pandemonium lord
 91561 | Pan      | Found an exit through the horrors of the Abyss.
 92017 | Pan      | Noticed Nitoate the pandemonium lord
 92022 | Pan      | Killed Nitoate the pandemonium lord
 92030 | Pan      | Got a shimmering lajatang
 92031 | Pan      | Identified the +8 lajatang "Orb Guardian's Regret" {venom, rPois} (You found it in Pandemonium)
 92310 | Pan      | Found an exit through the horrors of the Abyss.
 92883 | Pan      | Found an exit through the horrors of the Abyss.
 93087 | Pan      | Noticed Utuifur the pandemonium lord
 93098 | Pan      | Killed Utuifur the pandemonium lord
 93468 | Pan      | Found an exit through the horrors of the Abyss.
 93679 | Pan      | Noticed Egroicai the pandemonium lord
 93697 | Pan      | Killed Egroicai the pandemonium lord
 94023 | Pan      | Entered the realm of Mnoleg.
 94361 | Pan      | Found an exit through the horrors of the Abyss.
 94641 | Pan      | Noticed Mnoleg
 94661 | Pan      | Killed Mnoleg
 94770 | Pan      | Got a glowing rune of Zot
 95329 | Pan      | Found an exit through the horrors of the Abyss.
 95595 | Pan      | Found a runed door.
 95826 | Pan      | Found an exit through the horrors of the Abyss.
 96622 | Pan      | Noticed Maczitin the pandemonium lord
 96637 | Pan      | Killed Maczitin the pandemonium lord
 96646 | Pan      | Entered the realm of Gloorx Vloq.
 96743 | Pan      | Found an exit through the horrors of the Abyss.
 96838 | Pan      | Reached skill level 27 in Invocations
 97347 | Pan      | Noticed Gloorx Vloq
 97359 | Pan      | Killed Gloorx Vloq
 97426 | Pan      | Got a dark rune of Zot
 97548 | Pan      | Found an exit through the horrors of the Abyss.
 97614 | Pan      | Noticed Opetsog the pandemonium lord
 97633 | Pan      | Killed Opetsog the pandemonium lord
 98187 | Pan      | Reached skill level 1 in Spellcasting
 98253 | Pan      | Reached skill level 1 in Charms
 98423 | Pan      | Found an exit through the horrors of the Abyss.
 98647 | Pan      | Found a runed door.
 98848 | Pan      | Noticed Redeor the pandemonium lord
 98857 | Pan      | Killed Redeor the pandemonium lord
 99108 | Pan      | Found an exit through the horrors of the Abyss.
 99126 | Pan      | Noticed Sogyprabb the pandemonium lord
 99139 | Pan      | Killed Sogyprabb the pandemonium lord
 99139 | Pan      | Reached skill level 5 in Spellcasting
 99139 | Pan      | Reached skill level 5 in Charms
 99595 | Pan      | Entered the realm of Cerebov.
 99619 | Pan      | Found an exit through the horrors of the Abyss.
100482 | Pan      | Noticed Cerebov
100503 | Pan      | Killed Cerebov
100522 | Pan      | Learned a level 1 spell: Apportation
100567 | Pan      | Got a fiery rune of Zot
100820 | Pan      | Got a faintly glowing glass ring
100823 | Pan      | Identified the ring "Kirutte" {rPois rF+ MR- Stlth+} (You found it in Pandemonium)
100826 | Pan      | Got an ancient battleaxe
100827 | Pan      | Identified the +9 battleaxe "Death Rattle" {flame, rF+++ MR- Dex+4 SInv} (You found it in Pandemonium)
101033 | Pan      | Identified the Handbook of the Hart
101041 | Pan      | Learned a level 5 spell: Aura of Abjuration
101048 | Pan      | Identified Ryugaasch's Volume of the Immovable Princes
101084 | Pan      | Got a warped war axe
101085 | Pan      | Identified the +5 war axe "Lacertilian's Bane" {flame, rPois MR+++ Str+5 Int-3} (You found it in Pandemonium)
101089 | Pan      | Got a transparent plate armour
101090 | Pan      | Identified the +6 plate armour of Offau {rN+} (You found it in Pandemonium)
101581 | Pan      | Noticed Zopseh the pandemonium lord
101591 | Pan      | Killed Zopseh the pandemonium lord
101725 | Pan      | Found an exit through the horrors of the Abyss.
101911 | Pan      | Found an exit through the horrors of the Abyss.
102167 | Pan      | Noticed Jetoun the pandemonium lord
102175 | Pan      | Killed Jetoun the pandemonium lord
102406 | Pan      | Entered the realm of Lom Lobon.
102626 | Pan      | Noticed Lom Lobon
102655 | Pan      | Killed Lom Lobon
102655 | Pan      | Reached skill level 10 in Charms
102657 | Pan      | Got a magical rune of Zot
102869 | Pan      | Reached skill level 10 in Spellcasting
103050 | Pan      | Found an exit through the horrors of the Abyss.
103762 | Pan      | Found an exit through the horrors of the Abyss.
103894 | Pan      | Noticed Miovaew the pandemonium lord
103932 | Pan      | Killed Miovaew the pandemonium lord
104142 | Depths:2 | Escaped Pandemonium
104306 | Hell     | Entered the Vestibule of Hell
104306 | Hell     | Noticed Geryon
104328 | Hell     | Killed Geryon
104341 | Hell     | Found a gateway to the ashen valley of Gehenna.
104566 | Hell     | Found a gateway to the decaying netherworld of Tartarus.
104615 | Hell     | Reached skill level 1 in Air Magic
104654 | Hell     | Found a gateway to the freezing wastes of Cocytus.
104730 | Hell     | Found a gateway to the Iron City of Dis.
104875 | Hell     | Got a sparkling golden ring
104876 | Hell     | Identified the ring "Wohuk" {*Contam rElec rC+ Stlth+} (You acquired it in the Vestibule of Hell)
104885 | Hell     | Got a scorched silver amulet
104886 | Hell     | Identified the amulet "Jeitah" {RegenMP *Slow Dex+7 SInv} (You acquired it in the Vestibule of Hell)
104924 | Dis:1    | Entered Level 1 of the Iron City of Dis
106244 | Dis:2    | Reached skill level 1 in Summonings
108378 | Dis:5    | Reached skill level 5 in Summonings
109144 | Dis:7    | Entered Level 7 of the Iron City of Dis
109357 | Dis:7    | Reached skill level 15 in Charms
109474 | Dis:7    | Reached skill level 15 in Spellcasting
109598 | Dis:7    | Got a transparent platinum ring
109599 | Dis:7    | Identified the ring of Xoreps {rC+ SInv Stlth+} (You found it on level 7 of the Iron City of Dis)
109604 | Dis:7    | Got a brightly glowing great mace
109605 | Dis:7    | Identified the cursed +1 great mace of Karma {crush, *Drain Int+8 Dex+6} (You found it on level 7 of the Iron City of Dis)
110474 | Dis:7    | Noticed Dispater
110486 | Dis:7    | Killed Dispater
110533 | Dis:7    | Got an iron rune of Zot
110922 | Tar:1    | Entered Level 1 of Tartarus
112746 | Tar:2    | Reached skill level 1 in Translocations
113589 | Tar:3    | Reached skill level 10 in Summonings
115509 | Tar:5    | Reached skill level 5 in Translocations
115613 | Tar:5    | Noticed an ancient lich
115619 | Tar:5    | Killed an ancient lich
115833 | Tar:5    | Reached skill level 27 in Dodging
116057 | Tar:6    | Found a huge runed gate.
116057 | Tar:6    | Found a huge runed gate.
116057 | Tar:6    | Found a huge runed gate.
116057 | Tar:6    | Found a huge runed gate.
116058 | Tar:6    | Found a huge runed gate.
116059 | Tar:6    | Found a huge runed gate.
116178 | Tar:6    | Found a huge runed gate.
116178 | Tar:6    | Found a huge runed gate.
116178 | Tar:6    | Found a huge runed gate.
116178 | Tar:6    | Found a huge runed gate.
116178 | Tar:6    | Found a huge runed gate.
116184 | Tar:6    | Found a huge runed gate.
116184 | Tar:6    | Found a huge runed gate.
116253 | Tar:6    | Found a huge runed gate.
116254 | Tar:6    | Found a huge runed gate.
116255 | Tar:6    | Found a huge runed gate.
116256 | Tar:6    | Found a huge runed gate.
116257 | Tar:6    | Found a huge runed gate.
116258 | Tar:6    | Found a huge runed gate.
116278 | Tar:6    | Found a huge runed gate.
116278 | Tar:6    | Found a huge runed gate.
116278 | Tar:6    | Found a huge runed gate.
116278 | Tar:6    | Found a huge runed gate.
116278 | Tar:6    | Found a huge runed gate.
116278 | Tar:6    | Found a huge runed gate.
116278 | Tar:6    | Found a huge runed gate.
116279 | Tar:6    | Found a huge runed gate.
116738 | Tar:6    | Found a huge runed gate.
116772 | Tar:6    | Found a huge runed gate.
116772 | Tar:6    | Found a huge runed gate.
116772 | Tar:6    | Found a huge runed gate.
116817 | Tar:7    | Entered Level 7 of Tartarus
116817 | Tar:7    | Noticed Ereshkigal
116821 | Tar:7    | Noticed the Serpent of Hell
116826 | Tar:7    | Killed Ereshkigal
116831 | Tar:7    | Killed the Serpent of Hell
116986 | Tar:7    | Cast into level 3 of the Abyss (reaper)
117028 | Tar:7    | Escaped the Abyss
117434 | Tar:7    | Identified Sif Muna's Tome of Changing
117646 | Tar:7    | Identified the Almanac of Hurtful Protection
117724 | Tar:7    | Got a bone rune of Zot
117786 | Tar:7    | Identified the Papyrus of Ashen Intoxication
117940 | Tar:7    | Identified the Grimoire of Air and the Arsonist
117945 | Tar:7    | Learned a level 2 spell: Swiftness
118132 | Coc:1    | Entered Level 1 of Cocytus
118777 | Coc:1    | Gained mutation: Scrolls take you a little longer to read. [mutagenic glow]
118825 | Coc:1    | Gained mutation: Your body sometimes deteriorates upon taking damage. [mutagenic glow]
119306 | Coc:2    | Noticed a shard shrike
119310 | Coc:2    | Killed a shard shrike
119410 | Coc:2    | Noticed a shard shrike
119411 | Coc:2    | Noticed a shard shrike
119415 | Coc:2    | Killed a shard shrike
119417 | Coc:2    | Killed a shard shrike
119440 | Coc:2    | Reached skill level 10 in Translocations
120745 | Coc:4    | Noticed a shard shrike
120747 | Coc:4    | Killed a shard shrike
121430 | Coc:5    | Noticed an ancient lich
121443 | Coc:5    | Killed an ancient lich
121461 | Coc:5    | Reached skill level 5 in Air Magic
122328 | Coc:6    | Noticed a shard shrike
122329 | Coc:6    | Noticed a shard shrike
122330 | Coc:6    | Noticed a shard shrike
122334 | Coc:6    | Killed a shard shrike
122335 | Coc:6    | Killed a shard shrike
122337 | Coc:6    | Killed a shard shrike
122385 | Coc:6    | Noticed a shard shrike
122387 | Coc:6    | Noticed a shard shrike
122387 | Coc:6    | Noticed a shard shrike
122393 | Coc:6    | Killed a shard shrike
122396 | Coc:6    | Killed a shard shrike
122411 | Coc:6    | Killed a shard shrike
122573 | Geh:1    | Entered Level 1 of Gehenna
125771 | Geh:5    | Upgraded the game from 0.20-a0-309-gcba9277 to 0.20-a0-313-g10ed074
126079 | Coc:6    | Noticed a shard shrike
126080 | Coc:6    | Killed a shard shrike
126484 | Coc:7    | Entered Level 7 of Cocytus
126806 | Coc:7    | Noticed Antaeus
126828 | Coc:7    | Killed Antaeus
126830 | Coc:7    | Gained mutation: You sometimes yell uncontrollably at your foes. [mutagenic glow]
126868 | Coc:7    | Got an icy rune of Zot
127579 | Geh:4    | Gained mutation: Your body often deteriorates upon taking damage. [mutagenic glow]
129467 | Geh:7    | Entered Level 7 of Gehenna
130167 | Geh:7    | Got a brightly glowing ivory amulet
130170 | Geh:7    | Identified the amulet "Isaes" {Harm *Drain +Inv} (You took it off a crimson imp on level 7 of Gehenna)
130420 | Geh:7    | Noticed Asmodeus
130433 | Geh:7    | Killed Asmodeus
130433 | Geh:7    | Reached skill level 27 in Evocations
130474 | Geh:7    | Got an obsidian rune of Zot
130712 | Zig:1    | Entered Level 1 of a ziggurat
130733 | Zig:2    | Entered Level 2 of a ziggurat
130749 | Zig:2    | Identified the Almanac of the Land of Plenty
130762 | Zig:3    | Entered Level 3 of a ziggurat
130796 | Zig:4    | Entered Level 4 of a ziggurat
130799 | Zig:4    | Noticed a shard shrike
130799 | Zig:4    | Noticed a shard shrike
130808 | Zig:4    | Killed a shard shrike
130819 | Zig:4    | Killed a shard shrike
130827 | Zig:4    | Reached skill level 5 in Throwing
130841 | Zig:5    | Entered Level 5 of a ziggurat
130871 | Zig:5    | Got an ancient wooden ring
130874 | Zig:5    | Identified the ring "Guneymum" {rPois AC+4 Dex+3} (You found it on level 5 of a ziggurat)
130889 | Zig:6    | Entered Level 6 of a ziggurat
130927 | Zig:6    | Got a shimmering platinum amulet
130930 | Zig:6    | Identified the amulet "Uthrenlus" {rF+ rN+ Regen+} (You found it on level 6 of a ziggurat)
130939 | Zig:7    | Entered Level 7 of a ziggurat
130951 | Zig:7    | Reached skill level 27 in Spellcasting
130983 | Zig:8    | Entered Level 8 of a ziggurat
131042 | Zig:9    | Entered Level 9 of a ziggurat
131101 | Zig:10   | Entered Level 10 of a ziggurat
131108 | Zig:10   | Noticed a juggernaut
131109 | Zig:10   | Noticed a juggernaut
131109 | Zig:10   | Noticed a juggernaut
131122 | Zig:10   | Killed a juggernaut
131126 | Zig:10   | Killed a juggernaut
131127 | Zig:10   | Killed a juggernaut
131152 | Zig:10   | Got a pitted glass ring
131155 | Zig:10   | Identified the ring "Laliesh" {rC+ Int+5} (You found it on level 10 of a ziggurat)
131164 | Zig:11   | Entered Level 11 of a ziggurat
131170 | Zig:11   | Noticed Dinlaabuhu the pandemonium lord
131188 | Zig:11   | Killed Dinlaabuhu the pandemonium lord
131225 | Zig:11   | Got a shimmering ivory amulet
131228 | Zig:11   | Identified the amulet "Kagiexug" {rPois Regen+ MP-9 Str+8 Stlth+} (You found it on level 11 of a ziggurat)
131315 | Zig:12   | Entered Level 12 of a ziggurat
131385 | Zig:12   | Identified Gugeax's Incunabulum of Translocation
131440 | Zig:13   | Entered Level 13 of a ziggurat
131470 | Zig:13   | Reached skill level 10 in Air Magic
131503 | Zig:13   | Identified Otruchon's Handbook of Supportive Toxins
131507 | Zig:13   | Learned a level 1 spell: Summon Butterflies
131515 | Zig:13   | Identified the Guide on Doomed Envenoming
131533 | Zig:14   | Entered Level 14 of a ziggurat
131589 | Zig:14   | Got jewelled storm dragon scales
131592 | Zig:14   | Identified the +0 storm dragon scales of Lugonu's Castigation {*Contam rElec rPois MR+++ Stlth-} (You found it on level 14 of a ziggurat)
131593 | Zig:14   | Identified the Incunabulum of the Bruised Shrikes
131649 | Zig:15   | Entered Level 15 of a ziggurat
131657 | Zig:15   | Noticed a greater mummy
131658 | Zig:15   | Noticed a greater mummy
131658 | Zig:15   | Noticed a greater mummy
131663 | Zig:15   | Noticed a greater mummy
131663 | Zig:15   | Noticed a greater mummy
131666 | Zig:15   | Killed a greater mummy
131668 | Zig:15   | Killed by a guardian mummy's death curse

Vault maps used:
D:1:      lemuel_arrival_lava_pool, nemelex_diamond_rough_becter
D:3:      minitemple, trog_eyes_of_draining, first_bread, grunt_ministairs_1,
          dk_vineyard_1
D:4:      overflow_temple_1_default, uniq_grinder
D:6:      cheibrodos_thug_alley, nemelex_xobeh_ov_fountains_minmay,
          okawaru_gym_becter, kennysheep_generic_room_7
D:7:      nicolae_overflow_hidden_temple, grunt_livestock
D:8:      cheibrodos_helix_gallery, grunt_lair_entry_orc_guard_hut,
          fedhas_altar_2, uniq_grum
D:9:      minmay_blocky_corners, dancing_weapons_uskayaw, serial_shops, shop,
          library_closet, minivault_12, uniq_maurice
D:10:     david_orc_2
D:11:     enter_bailey_2, portal_ice_cave_entry_ice_beasts
D:12:     serial_shops, kennysheep_mini, uniq_josephine
D:13:     david_vaults_3, basic_altar
D:14:     minmay_crescents
D:15:     hangedman_depths_entry_try_elsewhere_first, minmay_misc_feat_pillars
Lair:2:   minmay_shoals_entry_centaurs, columned_hall_lemuel
Lair:3:   lemuel_fruit_tree, serial_bayou_shore_b, grunt_megastairs_1,
          lemuel_fruit_fields, serial_bayou_shore_b
Lair:4:   nicolae_spider_entry_tight_spaces, small_statue_intersection,
          kennysheep_snail_temple, uniq_snorg, uniq_rupert, uniq_kirke
Lair:5:   dpeg_slime_entry_enclosed_altar, grunt_megastairs_5
Lair:6:   evil_forest
Shoals:1: nicolae_shoals_kraken_intersection, uniq_donald, uniq_aizul,
          uniq_louise
Shoals:2: st_shoals_ruin, uniq_polyphemus
Shoals:4: shoals_end_hangedman, shoal_ilsuiw
Spider:1: spider_trap
Spider:3: uniq_nikola
Spider:4: guppyfry_spider_rune, uniq_arachne
Slime:1:  cheibrodos_slime_lost_civilization_4
Orc:1:    serial_shops, nicolae_shop_trees
Orc:2:    grunt_orc_tribal_feast, serial_shops, nicolae_shop_overgrown_old_shop,
          uniq_nessos, uniq_erolcha
Elf:1:    hangedman_elven_crosses_minicolossus, grunt_ministairs_11
Elf:2:    serial_shops, nicolae_shop_crystal, hex_large,
          bh_hangedman_babel_library
Elf:3:    minmay_elf_hall, serial_sigils_hangedman_writhe
Vaults:1: st_smaller_cells, v_alt_pattern_4, hangedman_vaults_slither,
          v_misc_33, hangedman_vaults_restitches, v_misc_2, v_misc_13,
          hangedman_vaults_nails, serial_shops, nicolae_shop_behind_doors, shop,
          nicolae_shop_crystal, shop
Vaults:2: hangedman_vaults_pinch, minmay_crypt_entry_simple_plaza,
          vaults_mumra_minichess_inversion, nicolae_vaults_arrows,
          vaults_room_guarded_vault, v_rooms_3, hangedman_vaults_corner,
          vaults_standard_mumra_lines, uniq_asterion
Vaults:3: nicolae_vaults_circle_grid_b, vaults_room_fancy_cross,
          hangedman_vaults_variations, nicolae_vaults_shelves_hall,
          vaults_room_boxed, uniq_xtahua
Vaults:4: vaults_standard_mumra_enter_the_diamond, serial_ice_m, v_misc_3,
          nicolae_vaults_yaktaur_gun_rack, nicolae_vaults_ring_of_whatevers,
          nicolae_vaults_meeting, hangedman_vaults_maws,
          nicolae_vaults_asterisk, hangedman_vaults_river_flow,
          vaults_room_stairs_pillars, serial_shops, nicolae_shop_statue_plus,
          nicolae_shop_crystal, uniq_bai_suzhen
Vaults:5: serial_shops
Crypt:2:  basic_altar, minmay_misc_feat_rows, grunt_megastairs_2
Crypt:3:  church_of_pain_bobbens, uniq_sojobo, uniq_frederick
Depths:1: trove_entry_hex_spiral, lightli_too_deep, kennysheep_flooded_box,
          spider_trap, tgw_xom
Depths:2: minmay_connected_boxes_in_corner, hell_entry, rand_demon_pan_entry_8,
          abandoned_shop, lemuel_flamethrower_2, firewood_loft, uniq_enchantress
Depths:3: evilmike_diamond_1, minmay_misc_feat_roman, pf_coc_iceberg,
          rand_demon_pan_entry_7, kennysheep_generic_room_5
Depths:4: minmay_quarter_circles, enter_ziggurat_b, minmay_room_of_horrors,
          minivault_14, hell_entry, pan_entry, minmay_misc_feat_columns
Depths:5: grunt_twist_and_shout, hell_entry, minmay_strange_pillars,
          basic_stair_grate_trap
Dis:2:    hangedman_dis_chains, lemuel_elevator
Dis:3:    lemuel_dis_dragons
Dis:4:    grunt_megastairs_3
Dis:7:    dis_st
Geh:6:    nicolae_geh_amphitheater, lemuel_hellion_isle
Geh:7:    geh_grunt
Coc:5:    special_room
Coc:7:    coc_hangedman
Tar:5:    nicolae_tar_cuneiform_city
Tar:6:    door_vault
Tar:7:    tar_grunt_cathedral
Abyss:2:  evilmike_abyss_exit_14, minivault_26, hangedman_abyss_sting
Abyss:3:  evilmike_abyss_exit_3, hangedman_abyss_or_decor_stabs,
          evilmike_abyss_exit_smiterflies
Abyss:4:  evilmike_abyss_exit_2, grunt_abyss_rune_forest_and_sorcery,
          due_exit_kobolds, minivault_28, onia_ninara_dug_in_and_dangerous,
          evilmike_nicolae_abyss_rune_betentacled_crabyss
Abyss:5:  due_exit_kobolds, hangedman_abyss_rune_macabre_mess,
          hangedman_abyss_exit_choices
Pan:      grunt_pan_frozen_over, pan_blood_fountain,
          nicolae_pan_gloorx_vloqian_4, pan_disco_hall, pan_blood_fountain,
          pan_blood_fountain_small, evilmike_mini_pan_branches,
          evilmike_mini_pan_corridor, special_room, lemuel_hall_of_pain,
          pan_blood_fountain_small, grunt_pan_zigzag, evilmike_mini_pan_3x3,
          rand_demon_5, nicolae_pan_sigil_nadil, grunt_pan_in_and_out,
          rand_demon_3, pan_blood_fountain, nicolae_pan_mnolegish_5,
          lemuel_hellion_island, pan_blood_fountain_small, evilmike_holy_pan,
          evilmike_mini_pan_corner, reaverb_pan_chaos_star, rand_demon_2,
          regret_index_pan_draining_boxed, pan_blood_fountain,
          nicolae_pan_sick_transit, nicolae_pan_cerebovesque_1, rand_demon_6,
          pan_blood_fountain_small, pan_blood_fountain_2, evilmike_mini_pan_T,
          pan_blood_fountain, rand_demon_1, rand_demon_4,
          nicolae_pan_lom_lobonic_2, nicolae_pan_glass_arcs,
          evilmike_mini_pan_rooms, mnoleg_grunt, grunt_pan_pentagram,
          nicolae_pan_gloorx_vloqian_2, rand_demon_9, evilmike_gloorx_vloq_box,
          pan_blood_fountain_2, rand_demon_8, rand_demon_9,
          nicolae_pan_glass_arcs, nicolae_pan_lom_lobonic_3, cerebov_st,
          nicolae_pan_mnolegish_1, rand_demon_4, evilmike_mini_pan_corner,
          nicolae_pan_sigil_uleosi, nicolae_pan_gloorx_vloqian_4, lom_lobon,
          pan_blood_fountain, rand_demon_2, pan_blood_fountain_small
Zig:7:    ziggurat_pillar_centre_oklobs
Zig:9:    ziggurat_pillar_centre_c
Zig:10:   ziggurat_pillar_centre_smoke
Zig:13:   ziggurat_pillar_centre_dead_trees
Trove:    trove_simple
Bailey:   bailey_axe_of_yendor_kennysheep, bailey
IceCv:    ice_cave_caverns_03

Skill      XL: |  1  2  3  4  5  6  7  8  9 10 11 12 13 14 15 16 17 18 19 20 21 22 23 24 25 26 27 |
---------------+----------------------------------------------------------------------------------+-----
Dodging        | 2 3 4 6 8 9 10 11 12 13 14 15 27 | 27.0
Axes           | 4 5 6 8 10 11 13 14 16 17 18 19 20 21 22 27 | 27.0
Armour         | 3 4 5 6 7 9 10 11 12 13 14 15 16 17 18 19 27 | 27.0
Shields        | 1 2 3 4 5 6 7 8 10 11 12 13 14 15 16 17 18 27 | 27.0
Fighting       | 4 5 6 7 8 9 11 12 13 14 15 16 17 18 27 | 27.0
Evocations     | 2 4 6 8 9 10 11 27 | 27.0
Invocations    | 5 6 9 10 27 | 27.0
Spellcasting   | 27 | 27.0
Charms         | 25 | 25.7
Air Magic      | 10 | 10.4
Summonings     | 14 | 14.3
Translocations | 10 | 10.6
Throwing       | 5 |  5.0
Polearms       | |  0.4

Action                   |  1- 3 |  4- 6 |  7- 9 | 10-12 | 13-15 | 16-18 | 19-21 | 22-24 | 25-27 || total
-------------------------+-------+-------+-------+-------+-------+-------+-------+-------+-------++-------
Melee: Hand axe          |   128 |   231 |       |       |       |       |       |       |       ||   359
       Battleaxe         |       |    13 |   192 |   402 |   906 |  1168 |       |   410 |   113 ||  3204
       Kick              |       |       |     4 |    94 |   154 |       |       |       |       ||   252
       Broad axe         |       |       |       |     8 |    38 |       |    13 |     3 |     1 ||    63
       Executioner's axe |       |       |       |       |       |   131 |   884 |   398 | 12969 || 14382
       Trident           |       |       |       |       |       |       |       |       |    13 ||    13
 Cast: Song of Slaying   |       |       |       |       |       |       |       |       |    44 ||    44
       Repel Missiles    |       |       |       |       |       |       |       |       |    12 ||    12
       Aura of Abjuratio |       |       |       |       |       |       |       |       |     8 ||     8
       Swiftness         |       |       |       |       |       |       |       |       |     1 ||     1
Invok: Trog's Hand       |       |       |       |     2 |     4 |     5 |     1 |     3 |       ||    15
       Burn Spellbooks   |       |       |       |     1 |     2 |     2 |       |     2 |       ||     7
       Brothers in Arms  |       |       |       |       |       |     5 |       |       |       ||     5
       Divine Shield     |       |       |       |       |       |       |       |       |     2 ||     2
       Cleansing Flame   |       |       |       |       |       |       |       |       |    14 ||    14
       Summon Divine War |       |       |       |       |       |       |       |       |     2 ||     2
       Brand Weapon With |       |       |       |       |       |       |       |       |     1 ||     1
 Abil: Dig               |       |       |       |       |       |     2 |     2 |       |    24 ||    28
       Stop Flying       |       |       |       |       |       |       |     1 |       |     1 ||     2
       Evoke Flight      |       |       |       |       |       |       |     1 |       |     1 ||     2
       Stop Singing      |       |       |       |       |       |       |       |       |     1 ||     1
Evoke: Wand              |       |       |       |     1 |       |     3 |     2 |       |     7 ||    13
       Disc of storms    |       |       |       |       |       |       |       |       |     9 ||     9
       Crystal ball of e |       |       |       |       |       |       |       |       |     1 ||     1
  Use: Scroll            |       |       |     5 |    10 |     4 |    12 |    15 |     8 |    78 ||   132
       Potion            |       |       |       |     1 |     5 |     6 |     3 |       |    35 ||    50
 Stab: Distracted        |       |       |       |       |       |     1 |       |       |       ||     1
  Eat: Chunk             |     2 |     7 |    14 |    24 |    31 |    39 |    34 |    30 |   137 ||   318
       Beef jerky        |       |       |       |     1 |     2 |     1 |       |     1 |    15 ||    20
       Pizza             |       |       |       |       |       |     5 |       |       |    16 ||    21
       Meat ration       |       |       |       |       |       |       |       |       |    22 ||    22
       Bread ration      |       |       |       |       |       |       |       |       |    15 ||    15
       Fruit             |       |       |       |       |       |       |       |       |    15 ||    15
       Royal jelly       |       |       |       |       |       |       |       |       |    10 ||    10
Armor: Animal skin       |    36 |     7 |       |       |       |       |       |       |       ||    43
       Chain mail        |       |    58 |    92 |   100 |       |    85 |   236 |   149 |    52 ||   772
       Plate armour      |       |       |       |    99 |   429 |   471 |       |       |       ||   999
       Scale mail        |       |       |       |     8 |       |       |       |       |       ||     8
       Leather armour    |       |       |       |       |     6 |       |       |       |       ||     6
       Skin              |       |       |       |       |       |    26 |       |     2 |       ||    28
       Crystal plate arm |       |       |       |       |       |       |       |       |   633 ||   633
       Gold dragon scale |       |       |       |       |       |       |       |       |  1367 ||  1367
Dodge: Dodged            |    99 |    72 |    35 |   133 |   277 |   437 |   314 |   235 |  2671 ||  4273
       Deflected         |       |       |       |       |       |       |       |       |    26 ||    26
Block: Shield            |       |    73 |    83 |   230 |   515 |   869 |    31 |       |       ||  1801
       Large shield      |       |       |       |       |       |       |   955 |   962 | 14707 || 16624
       Reflection        |       |       |       |       |       |       |    38 |    81 |   453 ||   572
